cohdb
Replays
Latest Replays
All Replays
Popular Replays
Top Player Replays
Match Explorer
How It Works
Community
CoH3 Stats
Reddit
Sign in to upload your games and track your stats! →
Sign in with Steam
Match 45694898
Unlisted
Match 45694898
Overview
Messages
Build Orders
End
Pioneer Squad
Construct Infanterie Kompanie
Grenadier Squad
Grenadier Squad
Medical Station
Construct Luftwaffe Kompanie
221 Scout Car
Luftwaffe Officer Quarters
Jäger Squad
Pioneer Squad
Support Elements
Selects Mechanized Battlegroup
Selects Raid Package
Wirbelwind Flakpanzer
Jäger Squad
Jäger Squad
Be Frabjous
water
Hirys it's Irys
Lapis Rose
mognats
Flux
Sean Connery
Mila!
0
0
Comments
sign in to comment!
No comments posted yet!